 Dungeon Crawl Stone Soup version 0.29.0-13-gc9e81de378 (webtiles) character file.

Game seed: 15033096846644614199

43 ILmort the Conjurer (level 3, -1/26 HPs)
             Began as a Draconian Conjurer on Sept 9, 2022.
             Slain by Natasha (4 damage)
             ... on level 2 of the Dungeon.
             The game lasted 00:01:42 (727 turns).

ILmort the Conjurer (Draconian Conjurer)             Turns: 727, Time: 00:01:43

Health: -1/26      AC:  5    Str:  9    XL:     3   Next: 37%
Magic:  1/6        EV: 12    Int: 20    God:
Gold:   22         SH:  0    Dex:  9    Spells: 6/7 levels left

rFire   . . .      SeeInvis .   c - +0 whip
rCold   . . .      Faith    .   (no shield)
rNeg    . . .      Spirit   .   (body armour unavailable)
rPois   .          Reflect  .   (helmet restricted)
rElec   .          Harm     .   (no cloak)
rCorr   .          Rampage  .   (no gloves)
Will    .....                   (no boots)
Stlth   ++........              (no amulet)
HPRegen 0.08/turn               (no ring)
MPRegen 0.10/turn               (no ring)

@: no status effects
A: AC +5, unfitting armour, cold-blooded
a: no special abilities


You were on level 2 of the Dungeon.
You visited 1 branch of the dungeon, and saw 2 of its levels.

You collected 22 gold pieces.

Inventory:

Hand Weapons
 c - a +0 whip (weapon)
Potions
 a - a potion of magic
 b - a potion of flight {unknown}
 d - a potion of lignification {unknown}


   Skills:
 - Level 1.7 Dodging
 - Level 1.7 Stealth
 + Level 2.5 Spellcasting
 * Level 4.8 Conjurations


You had 6 spell levels left.
You knew the following spells:

 Your Spells              Type           Power      Damage    Failure   Level
a - Magic Dart            Conj           88%        1d7       1%          1

Your spell library contained the following spells:

 Spells                   Type           Power      Damage    Failure   Level
 Searing Ray              Conj           44%        2d6       3%          2
 Dazzling Flash           Conj/Hex       24%        N/A       16%         3
 Fulminant Prism          Conj/Hex       6%         3d7       47%         4
 Iskenderun's Mystic Bla  Conj/Tloc      12%        2d5       47%         4


Dungeon Overview and Level Annotations

Branches:
Dungeon (1/15)

Altars:

Annotations:
D:2 Natasha


Innate Abilities, Weirdness & Mutations

Your plain brown scales are hard. (AC +5)
You cannot fit into any form of body armour.
You are cold-blooded and may be slowed by cold attacks.


Message History

You barely miss the gnoll. The gnoll closely misses you.
The dart slug launches a dart at you. The slug dart misses you.
You closely miss the gnoll. The gnoll barely misses you.
You barely miss the gnoll. The gnoll hits you but does no damage.
Natasha casts a spell.
You hit the gnoll. The gnoll barely misses you.
The iron imp closely misses you.
You closely miss the gnoll. You tail-slap the gnoll.
The gnoll hits you with a +0 club. The iron imp misses you.
You hit the gnoll but do no damage. You tail-slap the gnoll.
You kill the gnoll!
The iron imp closely misses you.
You hit the dart slug. The dart slug closely misses you.
Natasha mumbles some strange words.
Natasha's front paws start to glow.
The iron imp laughs crazily.
The iron imp hits you.
* * * LOW HITPOINT WARNING * * *
You hit the dart slug. The dart slug closely misses you.
You hit the dart slug. The iron imp closely misses you.
You hit the dart slug.
You kill the dart slug!
The iron imp completely misses you.
Natasha mumbles some strange words.
You feel troubled. Natasha claws you.
* * * LOW HITPOINT WARNING * * *
You closely miss Natasha.
Your tail-slap misses Natasha.
The iron imp hits you but does no damage.
Natasha claws you.
* * * LOW HITPOINT WARNING * * *
You barely miss Natasha. The iron imp misses you. Natasha closely misses you.
Casting: Magic Dart (safe; 1% risk of failure)
Aiming: Magic Dart (safe; 1% risk of failure)
Aim: Natasha (100% to hit)
The magic dart hits Natasha.
The iron imp hits you.
* * * LOW HITPOINT WARNING * * *
Natasha claws you.
You die...

#### ..#
#####
##.###...
#..5##.#
#....#h5..#
#...hw.#@#..#
#.....?#....#
#...#######.#
.... #....#
#.. #....# #.
#....#
......#
#..#S###
#..g.


You could see an iron imp (summoned), Natasha and a shadow imp (summoned).

Vanquished Creatures
  A gnoll (D:2)
  An adder (D:2)
  2 dart slugs
  2 endoplasms (D:1)
  2 hobgoblins (D:1)
  6 jackals (D:1)
  2 kobolds (D:1)
  A ball python (D:1)
  A frilled lizard (D:2)
  A rat (D:1)
19 creatures vanquished.

Notes
Turn   | Place    | Note
-------+----------+-------------------------------------------
     0 | D:1      | ILmort the Draconian Conjurer began the quest for the Orb.
     0 | D:1      | Reached XP level 1. HP: 14/14 MP: 3/3
    91 | D:1      | Reached XP level 2. HP: 3/20 MP: 5/5
   466 | D:1      | Found a faded altar of an unknown god.
   683 | D:1      | You fall into a shaft and drop 1 floor!
   700 | D:2      | Noticed Natasha
   703 | D:2      | Reached XP level 3. HP: 13/26 MP: 0/6
   727 | D:2      | Slain by Natasha

Illustrated notes

Levels and vault maps discovered:
D:1:      minmay_arrival_four_houses, layout_basic,
          hellmonk_ecumenical_altar_arch_garden, serial_bayou_pond_a
D:2:      layout_loops_ring, basic_altar, serial_shops, shop, uniq_natasha

Action                   || total
-------------------------++-------
Melee: Unarmed           ||    57
       Tailslap          ||    14
       Whip              ||    25
 Cast: Magic Dart        ||    24
Armor: Skin              ||    37
Dodge: Dodged            ||    83
